 Dungeon Crawl Stone Soup version 0.17-a0-1115-g0372368 (webtiles) character file.

91 InterDimensionalOwl the Chopper (level 4, -2/39 HPs)
             Began as a Minotaur Berserker on May 22, 2015.
             Was a Believer of Trog.
             Slain by Grinder (5 damage)
             ... while paralysed by Grinder
             ... on level 3 of the Dungeon.
             The game lasted 00:10:10 (1918 turns).

InterDimensionalOwl the Chopper (MiBe)              Turns: 1918, Time: 00:10:10

Health: -2/39      AC:  9    Str: 22    XL:     4   Next: 33%
Magic:  3/3        EV:  2    Int:  4    God:    Trog [**....]
Gold:   71         SH:  0    Dex: 10    Spells: 0 memorised, 3 levels left

rFire  . . .     SeeInvis .     a - +0 hand axe
rCold  . . .     Clarity  .     e - +0 chain mail
rNeg   . . .     SustAt   .     (no shield)
rPois  .         Gourm    .     (helmet restricted)
rElec  .         Spirit   .     (no cloak)
rCorr  .         Warding  .     (no gloves)
rMut   .         Stasis   .     r - +0 pair of boots
MR     .....                    (no amulet)
Stlth  ..........               (no ring)
                                (no ring)

@: paralysed, not resistant to hostile enchantments, extremely unstealthy
A: retaliatory headbutt, horns 2
a: Burn Spellbooks, Berserk, Trog's Hand, Renounce Religion


You were on level 3 of the Dungeon.
You worshipped Trog.
Trog was pleased with you.
You were not hungry.

You visited 1 branch of the dungeon, and saw 3 of its levels.

You collected 71 gold pieces.

Inventory:

Hand weapons
 a - a +0 hand axe (weapon)
Missiles
 d - 128 stones (quivered)
 q - 2 javelins
Armour
 b - a +0 animal skin
 e - a +0 chain mail (worn)
 g - a +0 shield
 i - a +0 ring mail
 r - a +0 pair of boots (worn)
Jewellery
 v - an uncursed amulet of the gourmand {unknown}
Scrolls
 f - a scroll of remove curse {unknown}
 h - a scroll of teleportation
 o - 6 scrolls of identify {unknown}
 x - a scroll of recharging {unknown}
Potions
 k - a potion of mutation {unknown}
 l - a potion of agility {unknown}
 m - a potion of magic {unknown}
 n - 2 potions of heal wounds {unknown}
 p - a potion of brilliance {unknown}
 t - a potion of curing {unknown}
 u - a potion of lignification {unknown}
Comestibles
 c - 3 bread rations
 j - 3 meat rations
 s - a beef jerky
 w - 5 fruits


   Skills:
 - Level 3.6 Fighting
 + Level 6.2 Axes
 - Level 2.4 Armour
 - Level 2.1 Dodging


You had 3 spell levels left.
You didn't know any spells.

Dungeon Overview and Level Annotations

Branches:
Dungeon (3/15)

Altars:
Qazlal

Annotations:
D:3 Grinder


Innate Abilities, Weirdness & Mutations

You reflexively headbutt those who attack you in melee.
You have a pair of horns on your head.


Message History

Grinder gestures.
Grinder blinks!
The kobold closely misses you. You furiously retaliate!
You headbutt the kobold!
You kill the kobold!
Trog accepts your kill. Grinder gestures at you. Pain shoots through your body!
You see here a short sword.
You see here a giant cockroach corpse.
You see here a giant cockroach corpse.
Grinder gestures at you.
You suddenly lose the ability to move!
Grinder says, "I used to sell toenails on the black market."
Grinder hits you!
* * * LOW HITPOINT WARNING * * *
You writhe in agony.
* * * LOW HITPOINT WARNING * * *
Grinder hits you.
You die...

##.###.# #......# #.# #.#
#......# #.# #.# #.>....#
#.# #.# #......#
##.###'#### #......#
...[......######......+
###.......#....#......#
..'.......#.##.#†#......
###.......#.#..†@#.#####
.##########.#..#5#.#..
.......# #.#..#.#.#.# ..#
######.# #.#..#.#.#.##..#
#.# #.#..#.#.#..#..# ####
#.# #.####.#.#.##..#
...###.####.#.>.......#..#
..........<.÷.##.#.####..#
...#......#...##.#.......#


You could see Grinder.

Vanquished Creatures
  4 adders
  An ooze (D:1)
  4 worms
  5 giant cockroaches
  3 goblins
  4 hobgoblins
  2 jackals (D:1)
  4 bats
  A giant newt (D:1)
  6 kobolds
  5 rats
39 creatures vanquished.

Notes
Turn   | Place    | Note
--------------------------------------------------------------
     0 | D:1      | InterDimensionalOwl the Minotaur Berserker began the quest for the Orb.
     0 | D:1      | Reached XP level 1. HP: 19/19 MP: 0/0
    73 | D:1      | Reached skill level 4 in Axes
   163 | D:1      | Reached XP level 2. HP: 23/26 MP: 1/1
   786 | D:2      | Found a stormy altar of Qazlal.
   806 | D:2      | Reached skill level 5 in Axes
   897 | D:2      | Reached XP level 3. HP: 31/31 MP: 2/2
  1026 | D:2      | Acquired Trog's second power
  1627 | D:3      | Reached skill level 6 in Axes
  1627 | D:3      | Reached XP level 4. HP: 39/39 MP: 3/3
  1884 | D:3      | Noticed Grinder
  1888 | D:3      | Paralysed by Grinder for 6 turns
  1915 | D:3      | Paralysed by Grinder for 6 turns
  1918 | D:3      | Slain by Grinder

Vault maps used:
D:1:      dpeg_arrival_brainrot
D:2:      grunt_qazlal_sundering, kennysheep_generic_room_7
D:3:      serial_park_tiny_2, uniq_grinder, uniq_jessica

Action                   |  1- 3 |  4- 6 || total
-------------------------+-------+-------++-------
Melee: Hand axe          |    86 |    25 ||   111
Throw: Stone             |     6 |       ||     6
  Use: Scroll            |     4 |       ||     4
  Eat: Chunk             |     2 |     1 ||     3
